Match 46620868
Unlisted

Match 46620868
End
Kettenkrad Recon Vehicle
Construct Infanterie Kompanie
MG 42 Machine Gun Team
MG 42 Machine Gun Team
GrW 34 Mortar Team
Construct Luftwaffe Kompanie
Jäger Squad
Medical Station
Selects Mechanized Battlegroup
Selects Raid Package
Support Elements
Jäger Squad
Wirbelwind Flakpanzer
Kettenkrad Recon Vehicle
Luftwaffe Officer Quarters
Construct Panzergrenadier Kompanie
251 Medium Carrier
Nebelwerfer 42 Rocket Launcher Team
Selects Mobile Repair Stations
Panzergrenadier Squad
Marder III M Tank Destroyer
StuG III G Assault Gun
Selects 8 Rad Armored Car
Wirbelwind Flakpanzer
TCA星辰大海
浮生、毁你几座春秋
crywo1f
Nudlar
0
0

Comments sign in to comment!

No comments posted yet!